General information
- name: BNet
- type: Ladder 1vs1/FFA
- host: Battle.net
- saver: Zephyd
map: GnollWood
- players: 2
- length: 14:52
- speed: Fast
- version: 1.23 W3XP
- replay type: Public
» download(51 KB)
Players
team 1 (loser)
TZ.iz.RIPPIN (
green | 40 APM | 589 actions | 14:50)
4 Blademaster
2 Wind Walk
2 Critical Strike
2 Shadow Hunter
1 Healing Wave
1 Hex
» actions
| Basic commands | 1 | |
| Build / train | 39 | |
| Enter build submenu | 11 | |
| Enter hero's abilities submenu | 6 | |
| Right click | 240 | |
| Select / deselect | 251 | |
| Use ability | 41 | |
589 total
» units
» upgrades
| Berserker Strength | 1 | |
| Shaman Training | 2 | |
| Witch Doctor Training | 1 | |
4 total
» buildings
| Altar of Storms | 1 | |
| Orc Burrow | 6 | |
| Barracks | 1 | |
| Voodoo Lounge | 1 | |
| Stronghold | 1 | |
| Fortress | 1 | |
| Spirit Lodge | 1 | |
| Beastiary | 1 | |
13 total
» build order
00:06 Altar of Storms
00:09 Orc Burrow
00:19 Barracks
01:48 Orc Burrow
01:56 Voodoo Lounge
03:03 Orc Burrow
04:41 Stronghold
05:57 Orc Burrow
06:00 Orc Burrow
07:10 Fortress
07:15 Spirit Lodge
08:11 Orc Burrow
09:42 Beastiary
» items
| Healing Salve | 2 | |
| Lesser Clarity Potion | 2 | |
| Circlet of Nobility | 1 | |
| Orb of Lightning | 1 | |
| Potion of Mana | 1 | |
| Potion of Healing | 1 | |
8 total
team 2 (winner)
Zephyd (
teal | 132 APM | 1969 actions | 14:52)
3 Demon Hunter
2 Mana Burn
1 Evasion
2 Warden
1 Fan of Knives
1 Shadow Strike
» actions
| Assign group hotkey | 65 | |
| Basic commands | 16 | |
| Build / train | 48 | |
| ESC pressed | 1 | |
| Enter build submenu | 14 | |
| Enter hero's abilities submenu | 5 | |
| Right click | 1136 | |
| Select / deselect | 350 | |
| Select group hotkey | 276 | |
| Use ability | 58 | |
1969 total
» units
| Wisp | 9 | |
| Archer | 7 | |
| Forest Troll Shadow Priest | 1 | |
| Druid of the Talon | 16 | |
33 total
» upgrades
| Ultravision | 1 | |
| Druid of the Talon Training | 2 | |
3 total
» buildings
| Altar of Elders | 1 | |
| Moon Well | 5 | |
| Ancient of War | 1 | |
| Tree of Ages | 1 | |
| Hunter's Hall | 2 | |
| Ancient of Wind | 2 | |
| Tree of Eternity | 1 | |
13 total
» build order
00:06 Altar of Elders
00:17 Moon Well
01:14 Ancient of War
01:25 Moon Well
02:50 Tree of Ages
02:53 Moon Well
03:46 Hunter's Hall
03:48 Hunter's Hall
04:39 Moon Well
05:28 Ancient of Wind
05:30 Ancient of Wind
05:32 Tree of Eternity
09:33 Moon Well
» items
Chat log
(10:20 / All) TZ.iz.RIPPIN: lol gg i smell a cyclone queer
(10:32 / All) Zephyd: lol
(10:44 / All) Zephyd: that's the idea
(10:53 / All) TZ.iz.RIPPIN: dont blame ya, doesnt look like you can beat me on anything that takes skill lolz
(10:57 / All) Zephyd: rofl
(11:01 / All) Zephyd: blademaster
(11:06 / All) TZ.iz.RIPPIN: ?
(11:08 / All) TZ.iz.RIPPIN: dotts?
(11:11 / All) Zephyd: not exactly the most skillful
(11:18 / All) TZ.iz.RIPPIN: actually very skillful
(12:44 / All) TZ.iz.RIPPIN: lol gg
(13:29 / All) Zephyd: protip: try building units
(13:46 / All) TZ.iz.RIPPIN: why in hell would a take tips from a kid who cyclones :S
(13:57 / All) Zephyd: someone who wants to win
(14:03 / All) TZ.iz.RIPPIN: im not building because its gg
(14:06 / All) TZ.iz.RIPPIN: cant beat people who cyclone
(14:11 / All) Zephyd: because you're bad
(14:18 / All) TZ.iz.RIPPIN: nah, clearly your the bad one
(14:21 / All) Zephyd: yep clearly
(14:24 / All) TZ.iz.RIPPIN: yep
(14:40 / All) TZ.iz.RIPPIN: nice fail micro at the start too
(14:43 / All) TZ.iz.RIPPIN: lost 2 heros
(14:45 / All) TZ.iz.RIPPIN: LOL
(14:47 / All) TZ.iz.RIPPIN: gg fag